 Dungeon Crawl Stone Soup version 0.21.1-1-g345015f (webtiles) character file.

60 inc the Scratcher (level 3, -6/17 HPs)
             Began as a Felid Chaos Knight on Feb 24, 2018.
             Mangled by an iguana (14 damage)
             ... on level 4 of the Dungeon.
             The game lasted 00:05:08 (2996 turns).

inc the Scratcher (Felid Chaos Knight)              Turns: 2996, Time: 00:05:08

Health: -6/17      AC:  1    Str: 10    XL:     3   Next: 82%
Magic:  4/4        EV: 18    Int: 14    God:    Xom [*.....]
Gold:   203        SH:  0    Dex: 15    Spells: 2/2 levels left
                                        Lives:  0   Deaths: 0

rFire    . . .     SeeInvis +     - Unarmed
rCold    . . .     Gourm    .   (shield unavailable)
rNeg     . . .     Faith    .   (armour unavailable)
rPois    .         Spirit   .   (helmet unavailable)
rElec    .         Reflect  .   (cloak unavailable)
rCorr    .         Harm     .   (gloves unavailable)
MR       .....                  (boots unavailable)
Stlth    ++........             (no amulet)
HPRegen  0.05/turn              (no ring)
MPRegen  0.09/turn              (no ring)

@: quick
A: very small, no armour, no weapons or thrown items, stealth, claws 1, fangs 3,
see invisible, carnivore, speed 1, shaggy fur 1, slow metabolism 1, strong 1,
subdued magic 1, sharp paws
a: Renounce Religion


You were on level 4 of the Dungeon.
You worshipped Xom.
You were a special plaything of Xom.
You were not hungry.

You visited 1 branch of the dungeon, and saw 4 of its levels.

You collected 203 gold pieces.

Inventory:

Wands
 c - a wand of paralysis (18)
Scrolls
 b - a scroll of teleportation {unknown}
 e - a scroll of fear {unknown}
 f - a scroll of amnesia {unknown}
 i - 2 scrolls of remove curse {unknown}
 j - a scroll of noise {unknown}
 k - a scroll of magic mapping {unknown}
 m - a scroll of fog {unknown}
Potions
 d - a potion of degeneration {unknown}
 g - 2 potions of curing
 h - a potion of mutation {unknown}
 l - a potion of brilliance {unknown}
Comestibles
 a - 7 rations


   Skills:
 - Level 3.0 Fighting
 - Level 3.2 Dodging
 + Level 4.8 Unarmed Combat


You had 2 spell levels left.
You didn't know any spells.

Dungeon Overview and Level Annotations

Branches:
Dungeon (4/15)             Temple (0/1) D:4

Altars:
Nemelex Xobeh


Innate Abilities, Weirdness & Mutations

You cannot wear armour.
You are incapable of wielding weapons or throwing items.
Your paws allow you to move quietly. (Stealth)
You have sharp claws.
You have razor-sharp teeth.
You have supernaturally acute eyesight. (SInv)
You are carnivorous and can eat meat at any time.
You cover ground quickly.
You are covered in fur. (AC +1)
You have a slow metabolism.
Your sharp claws are effective at attacking unaware monsters.
Your muscles are strong. (Str +2)
Your spells are a little easier to cast, but a little less powerful.


Message History

The iguana bites you!
Ouch! That really hurt!
A shower of butterflies erupts from you!
You see here 7 sling bullets.
An adder comes into view.
You claw the adder!
The adder is severely wounded.
The adder misses you.
You claw the adder!
You kill the adder!
The iguana closely misses you.
Found a staircase to the Ecumenical Temple.
Found a chain mail.
The iguana hisses angrily.
Xom notices you.
The dust glows dark white!
The iguana bites you!
Ouch! That really hurt!
You die...
Xom chuckles heartily!

.###.# #... .. #...#
#..# .# #..#
#..##.##.## ###..#
##.........# #..(.#
##...#......#
#.##.####.#.#....#.<#
####
#.##..l..b....b#.#
... .....
#.#######.#.#..#.# .
..#...##.#
#.@l.<..#.#.#
.........##
#.#######.# #
..#...#...###.####
#.#
............l....# .#
#######.....#........
#........b...8.8.8
#........#....⌠.⌠.
...##.........8.>.8
.## #...###....⌠.⌠[


You could see 2 iguanas.

Vanquished Creatures
  Robin (D:2)
  An adder (D:4)
  A worm (D:2)
  A leopard gecko (D:2)
  2 orcs (D:3)
  7 bats
  2 giant cockroaches
  9 goblins
  2 hobgoblins
  8 kobolds
  2 frilled lizards
  4 rats
40 creatures vanquished.

Vanquished Creatures (collateral kills)
  A dart slug (D:2)
1 creature vanquished.

Grand Total: 41 creatures vanquished

Notes
Turn   | Place    | Note
-------+----------+-------------------------------------------
     0 | D:1      | inc the Felid Chaos Knight began the quest for the Orb.
     0 | D:1      | Reached XP level 1. HP: 10/10 MP: 2/2
   325 | D:1      | Reached XP level 2. HP: 9/14 MP: 3/3
   380 | D:1      | XOM is BORED!
   380 | D:1      | XOM: harmless Pois miscast
   416 | D:1      | XOM is BORED!
   416 | D:1      | XOM: medium Pois miscast
   589 | D:2      | Found a sparkling altar of Nemelex Xobeh.
  1070 | D:2      | Reached skill level 4 in Unarmed Combat
  1083 | D:2      | Noticed Robin
  1086 | D:2      | XOM: swap monsters
  1090 | D:2      | XOM: chaos upgrade
  1107 | D:2      | XOM: harmless Tmut miscast
  1108 | D:2      | XOM: confusion (+ monsters)
  1123 | D:2      | Reached XP level 3. HP: 12/17 MP: 4/4
  1140 | D:2      | Killed Robin
  1336 | D:2      | XOM: give mutations
  1336 | D:2      | Gained mutation: You are frail. (-10% HP) [Xom's mischief]
  1336 | D:2      | Gained mutation: Your spells are a little easier to cast, but a little less powerful. [Xom's mischief]
  1336 | D:2      | Lost mutation: You are frail. (-10% HP) [Xom's mischief]
  1394 | D:2      | XOM: 11-stop teleportation journey
  1591 | D:3      | XOM: cloud trail
  1593 | D:3      | XOM: mild Air miscast
  2203 | D:3      | Noticed a gnoll sergeant
  2298 | D:3      | XOM: 9-stop teleportation journey
  2358 | D:2      | XOM: summons 1 hostile demon
  2671 | D:3      | XOM: harmless Necr miscast
  2790 | D:2      | XOM: give mutations
  2790 | D:2      | Gained mutation: Your skin changes colour to match your surroundings (Stealth+). [Xom's mischief]
  2790 | D:2      | Lost mutation: Your skin changes colour to match your surroundings (Stealth+). [Xom's mischief]
  2790 | D:2      | Gained mutation: Your muscles are strong. (Str +2) [Xom's mischief]
  2970 | D:4      | XOM: enchant monster (bad)
  2974 | D:4      | XOM: butterfly on damage
  2992 | D:4      | Found a staircase to the Ecumenical Temple.
  2995 | D:4      | XOM: mild Hex miscast
  2996 | D:4      | Mangled by an iguana

Skill      XL: |  1  2 |
---------------+-------+-----
Unarmed Combat | 4 |  4.8
Fighting       | |  3.0
Dodging        | |  3.2

Action                   || total
-------------------------++-------
Melee: Unarmed           ||   109
       Bite              ||     5
       Punch             ||     2
  Use: Scroll            ||     1
 Stab: Sleeping          ||     7
  Eat: Chunk             ||     4
Armor: Skin              ||     5
Dodge: Dodged            ||    89
